 Dungeon Crawl Stone Soup version 0.29-a0-233-g1125b37a9b (webtiles) character file.

Game seed: 4308687731690122404

5915 PaleWalker the Destroyer (level 11, -1/70 HPs)
             Began as a Human Conjurer on Mar 2, 2022.
             Was a Believer of Uskayaw.
             Slain by a death yak (14 damage)
             ... on level 8 of the Dungeon.
             The game lasted 00:41:06 (12117 turns).

PaleWalker the Destroyer (Human Conjurer)          Turns: 12117, Time: 00:41:07

Health: -1/70      AC:  8    Str:  7    XL:     11   Next: 8%
Magic:  9/21       EV: 14    Int: 23    God:    Uskayaw [**....]
Gold:   534        SH:  0    Dex: 12    Spells: 5/24 levels left

rFire   . . .      SeeInvis .   B - +5 rapier (flame)
rCold   . . .      Faith    .   (no shield)
rNeg    . . .      Spirit   .   H - +0 steam dragon scales
rPois   .          Reflect  .   (no helmet)
rElec   .          Harm     .   m - +0 cloak
rCorr   .          Rampage  .   n - +1 Delatra's gloves {ID++}
Will    +....                   (no boots)
Stlth   ++........              J - amulet of magic regeneration
HPRegen 0.21/turn               g - ring of willpower
MPRegen 0.57/turn               (no ring)

@: no status effects
A: no striking features
a: Renounce Religion, Stomp, Line Pass


You were on level 8 of the Dungeon.
You worshipped Uskayaw.
Uskayaw was noncommittal.
You visited 1 branch of the dungeon, and saw 9 of its levels.
You also visited: Ossuary.

You collected 534 gold pieces.

Inventory:

Hand Weapons
 B - a +5 rapier of flaming (weapon)
Armour
 m - a +0 cloak (worn)
 n - the +1 Delatra's gloves (worn) {ID++}
   (You found it on level 2 of the Dungeon)

   It heals its wearer when they drink unknown potions.
   It restores its wearer's MP when they read unknown scrolls.
 G - a +2 robe of willpower
 H - +0 steam dragon scales (worn)
Jewellery
 g - a ring of willpower (left hand)
 y - an amulet of regeneration
 E - a ring of ice
 J - an amulet of magic regeneration (around neck)
Wands
 p - a wand of flame (54)
 z - a wand of iceblast (6)
 I - a wand of charming (3)
Scrolls
 a - a scroll of brand weapon {unknown}
 c - a scroll of holy word
 h - 4 scrolls of noise
 i - a scroll of fear {unknown}
 q - a scroll of acquirement {unknown}
 s - 4 scrolls of fog
 w - 2 scrolls of torment {unknown}
 F - a scroll of vulnerability {unknown}
 K - a scroll of amnesia {unknown}
Potions
 b - 3 potions of degeneration
 d - a potion of resistance
 e - a potion of haste
 f - a potion of flight {unknown}
 j - 3 potions of lignification
 k - 3 potions of magic
 l - 10 potions of heal wounds
 o - 3 potions of mutation {unknown}
 r - 2 potions of attraction
 t - a potion of experience {unknown}
 u - a potion of might {unknown}
 v - 2 potions of curing {unknown}
 x - 2 potions of berserk rage {unknown}
 A - 2 potions of brilliance {unknown}
 C - 2 potions of cancellation {unknown}
 D - a potion of ambrosia {unknown}


   Skills:
 + Level 1.2 Fighting
 - Level 6.4 Dodging
 - Level 2.0 Stealth
 - Level 7.0 Spellcasting
 - Level 11.2 Conjurations
 - Level 5.0 Hexes
 - Level 4.1 Poison Magic
 * Level 2.1 Invocations


You had 5 spell levels left.
You knew the following spells:

 Your Spells              Type           Power      Damage    Failure   Level
a - Magic Dart            Conj           100%       1d8       1%          1
b - Searing Ray           Conj           100%       2d8       1%          2
c - Dazzling Flash        Conj/Hex       90%        N/A       1%          3
d - Mephitic Cloud        Conj/Pois/Air  31%        N/A       2%          3
e - Poisonous Vapours     Pois/Air       34%        N/A       4%          2
f - Fulminant Prism       Conj/Hex       22%        3d13      2%          4
g - Iskenderun's Mystic   Conj/Tloc      33%        2d8       8%          4

Your spell library contained the following spells:

 Spells                   Type           Power      Damage    Failure   Level
 Sting                    Tmut/Pois      68%        1d6       3%          1
 Cause Fear               Hex            15%        N/A       10%         4
 Call Imp                 Summ           8%         N/A       12%         2
 Olgreb's Toxic Radiance  Pois           26%        N/A       14%         4
 Lee's Rapid Deconstruct  Erth           4%         3d6*      91%         5
 Dragon Form              Tmut           4%         N/A       100%        7
 Malign Gateway           Summ/Tloc      4%         N/A       100%        7
 Summon Horrible Things   Summ           4%         N/A       100%        8
 Dragon's Call            Summ           4%         N/A       100%        9


Dungeon Overview and Level Annotations

Branches:
Dungeon (9/15)             Temple (0/1) D:5         Ossuary (visited)
   Lair: D:8-11         Orc: D:9-12

Altars:
Uskayaw


Message History

Press: ? - help, Dir - move target You conjure a prism of explosive energy!
A fulminant prism comes into view.
The death yak gores your fulminant prism!!
Your fulminant prism detonates feebly.
The death yak closely misses you.
You barely miss the death yak.
The death yak is moderately wounded.
The death yak gores you!
Hit: B) +5 rapier (flame)
Press: ? - help, Dir - move target, f - death yak
Aim: a death yak (moderately wounded, about 19% to evade your +5 rapier of flaming)
Okay, then.
You can no longer pass through a line of other dancers.
There is an escape hatch in the ceiling here.
The death yak gores you!! A mysterious force pulls you upwards.
The hatch slams shut behind you.
Casting: Fulminant Prism (dangerous; 2% risk of failure)
Confirm with . or Enter, or press ? or * to list all spells.
Aiming: Searing Ray (safe; 1% risk of failure)
Press: ? - help, Shift-Dir - straight line, f - death yak
Aim: a death yak (heavily wounded, 94% to hit)
The searing ray hits the death yak!
The death yak is severely wounded. (Press . to maintain the ray.)
The death yak gores you!
The searing ray hits the death yak!
The death yak is severely wounded.
The death yak gores you!
* * * LOW HITPOINT WARNING * * *
The searing ray hits the death yak!
The death yak is almost dead.
The death yak gores you.
* * * LOW HITPOINT WARNING * * *
You can now pass through a line of other dancers.
The searing ray hits the death yak.
The death yak is almost dead.
You finish channelling your searing ray.
The death yak gores you!
You die...

#.# #.....# #...# #.# ###.###
#.#.# #.# #.# #...# #.# #.# ##.##
#.# ###.### #.#
#<###.....#######.#
########.##............#.######
###....................#.#.......
.....####.###...@...........##..#
.....####.# #.>.Y......#.#..#.#.#
.......##.# #.......#.##.#.......
#.#.##.##.# #.......####.#....#.#
#.#.##.##.# #.......>....#.......
..#.......# ###...########.....##
###.##.#### #...# #.#.#.##
..#.##.#### #...# #.#.#.##
#.#.......#####...###### #...#.##


You could see a death yak.

Vanquished Creatures
  Grinder (D:4)
  4 yaks (D:8)
  A wyvern (D:8)
  Eustachio (D:4)
  2 steam dragons (D:8)
  3 vampire mosquitoes (D:8)
  A water moccasin (D:5)
  An ice beast (D:5)
  2 sky beasts
  3 black bears
  4 ogres
  2 centaurs
  3 elf zombies (D:5)
  A kobold brigand (D:7)
  2 bullfrogs
  3 necrophages
  12 scorpions
  2 elf skeletons (D:5)
  5 wights (D:7)
  A howler monkey (D:7)
  A centaur zombie (Ossuary)
  4 hounds
  5 jellies
  5 orc priests
  A human zombie (Ossuary)
  A gnoll shaman (D:4)
  4 iguanas
  6 scorpion zombies (Ossuary)
  10 orc wizards
  3 mummies (Ossuary)
  8 adders
  8 gnolls (D:4)
  A shadow imp (D:7)
  A white imp (D:5)
  28 orcs
  5 bats
  9 endoplasms
  6 giant cockroaches
  7 goblins
  5 hobgoblins
  6 jackals
  10 kobolds
  3 quokkas
  8 ball pythons
  6 frilled lizards
  5 goblin zombies (Ossuary)
  A hobgoblin zombie (Ossuary)
  2 kobold zombies (Ossuary)
  An orc skeleton (D:5)
  An orc zombie (Ossuary)
  3 rats
218 creatures vanquished.

Vanquished Creatures (others)
  A kobold brigand (D:9)
  3 kobolds
  60 fulminant prisms
  5 plants (D:3)
69 creatures vanquished.

Grand Total: 287 creatures vanquished

Notes
Turn   | Place    | Note
-------+----------+-------------------------------------------
     0 | D:1      | PaleWalker the Human Conjurer began the quest for the Orb.
     0 | D:1      | Reached XP level 1. HP: 13/13 MP: 3/3
   172 | D:1      | Reached XP level 2. HP: 10/19 MP: 0/5
   741 | D:1      | Reached XP level 3. HP: 24/24 MP: 2/6
  1087 | D:1      | Found a faded altar of an unknown god.
  1101 | D:1      | Prayed at the altar of an unknown god.
  1101 | D:1      | Became a worshipper of Uskayaw the Reveller
  1101 | D:1      | Reached * piety under Uskayaw
  1261 | D:1      | Reached ** piety under Uskayaw
  1786 | D:2      | Reached XP level 4. HP: 30/30 MP: 4/7
  1835 | D:2      | Reached skill level 5 in Conjurations
  2087 | D:2      | Learned a level 2 spell: Searing Ray
  2091 | D:2      | Learned a level 3 spell: Dazzling Flash
  2385 | D:2      | Found the +1 Delatra's gloves {ID++}
  2414 | D:2      | Reached skill level 1 in Hexes
  2414 | D:2      | Reached XP level 5. HP: 35/35 MP: 3/9
  3803 | D:4      | Reached XP level 6. HP: 38/41 MP: 0/11
  4007 | D:4      | Noticed Grinder
  4026 | D:4      | Reached *** piety under Uskayaw
  4041 | D:4      | Killed Grinder
  4042 | D:4      | Reached skill level 6 in Conjurations
  4042 | D:4      | Reached XP level 7. HP: 12/46 MP: 1/13
  4413 | D:4      | Reached **** piety under Uskayaw
  5197 | D:4      | Reached skill level 7 in Conjurations
  5338 | D:4      | Reached XP level 8. HP: 52/52 MP: 11/14
  5584 | D:4      | Noticed Eustachio
  5593 | D:4      | Killed Eustachio
  5594 | D:4      | Reached skill level 5 in Spellcasting
  5848 | D:4      | Learned a level 3 spell: Mephitic Cloud
  5850 | D:5      | Entered Level 5 of the Dungeon
  5875 | D:5      | Reached skill level 1 in Poison Magic
  6254 | D:5      | Found a staircase to the Ecumenical Temple.
  6396 | D:5      | Reached XP level 9. HP: 57/57 MP: 17/17
  6398 | D:5      | Found a sand-covered staircase.
  6411 | Ossuary  | Entered an ossuary
  6622 | Ossuary  | Reached skill level 5 in Hexes
  6661 | Ossuary  | Learned a level 2 spell: Poisonous Vapours
  6747 | Ossuary  | Reached skill level 8 in Conjurations
  7267 | D:5      | Reached skill level 9 in Conjurations
  7272 | D:5      | Learned a level 4 spell: Fulminant Prism
  7277 | D:5      | Learned a level 4 spell: Iskenderun's Mystic Blast
  7907 | D:5      | Reached XP level 10. HP: 37/63 MP: 16/20
  8054 | D:6      | Reached skill level 10 in Conjurations
  9402 | D:7      | Reached skill level 11 in Conjurations
 10686 | D:8      | Reached skill level 5 in Dodging
 11071 | D:8      | Reached XP level 11. HP: 56/68 MP: 3/21
 11292 | D:8      | Reached skill level 1 in Invocations
 11548 | D:8      | Reached skill level 1 in Fighting
 11793 | D:9      | Noticed a death yak
 11808 | D:9      | Noticed a death yak
 11808 | D:9      | Noticed a death yak
 11809 | D:9      | Noticed a death yak
 11809 | D:9      | Noticed a death yak
 11813 | D:9      | Noticed a death yak
 12117 | D:8      | Slain by a death yak

Illustrated notes

Levels and vault maps discovered:
D:1:      scummos_arrival_checkerplants, layout_basic,
          ebering_ecumenical_altar_sacrificial, hex_medium, minmay_statues_item,
          minmay_3d_cube
D:2:      minmay_inner_zag, layout_basic
D:3:      layout_loops_corners, serial_bayou_lagoon_b
D:4:      layout_cave_pods, uniq_grinder, uniq_eustachio
D:5:      layout_basic, minmay_temple_entry_enclosed_plants,
          nicolae_ossuary_entry_catacombs, hangedman_decor_growths,
          dk_rats_in_the_wall
D:6:      layout_basic, hangedman_abyss_or_decor_stabs
D:7:      layout_cave_pods
D:8:      layout_loops_cross
D:9:      layout_rooms, dpeg_lair_monsters, nicolae_two_hexagons

Skill      XL: |  1  2  3  4  5  6  7  8  9 10 11 |
---------------+----------------------------------+-----
Conjurations   | 5 6 7 9 11 | 11.2
Spellcasting   | 3 4 5 7 |  7.0
Hexes          | 1 3 5 |  5.0
Poison Magic   | 4 |  4.1
Dodging        | 6 |  6.4
Invocations    | 2 |  2.1
Fighting       | 1 |  1.2
Stealth        | |  2.0

Action                   |  1- 3 |  4- 6 |  7- 9 | 10-12 || total
-------------------------+-------+-------+-------+-------++-------
Melee: Short sword       |    14 |     3 |       |       ||    17
       Dagger            |       |     2 |     6 |       ||     8
       Rapier            |       |       |   129 |    50 ||   179
 Cast: Magic Dart        |    64 |    36 |   117 |    68 ||   285
       Searing Ray       |       |    12 |    25 |    10 ||    47
       Dazzling Flash    |       |       |     1 |     2 ||     3
       Fulminant Prism   |       |       |     5 |    55 ||    60
       Poisonous Vapours |       |       |       |     3 ||     3
       Mephitic Cloud    |       |       |       |     2 ||     2
Invok: Stomp             |       |       |     1 |     1 ||     2
       Line Pass         |       |       |     1 |       ||     1
  Use: Scroll            |       |       |     5 |     6 ||    11
 Stab: Paralysed         |       |       |     2 |       ||     2
       Sleeping          |       |       |     2 |       ||     2
Armor: Robe              |    10 |     7 |    49 |    42 ||   108
       Steam dragon scal |       |       |       |     4 ||     4
Dodge: Dodged            |    22 |    20 |   100 |    58 ||   200

Table legend: (Time is in decaauts)
 A = Elapsed time spent in this place.
 B = Non-inter-level travel time spent in this place.
 C = Inter-level travel time spent in this place.
 D = Time resting spent in this place.
 E = Time spent auto-exploring this place.
 F = Levels seen in this place.
 G = Mean time per level.
                   A        B        C        D        E       F      G
               +--------+--------+--------+--------+--------+-----+--------+
         Total |  12181 |  11960 |    221 |   1044 |   8846 |  10 | 1218.1 |
       Dungeon |  11483 |  11262 |    221 |    884 |   8613 |   9 | 1275.9 |
       Ossuary |    697 |    697 |      0 |    160 |    233 |   1 |  697.0 |
               +--------+--------+--------+--------+--------+-----+--------+

Top non-repeatable levels by time:
     D:4: 2061 daAuts
     D:1: 1468 daAuts
     D:5: 1412 daAuts
     D:8: 1316 daAuts
     D:6: 1262 daAuts
     D:3: 1240 daAuts
     D:7: 1209 daAuts
     D:2: 1102 daAuts
 Ossuary: 697 daAuts
     D:9: 411 daAuts
